 Dungeon Crawl Stone Soup version 0.26-a0-83-g7ccd015ce0 (webtiles) character file.

Game seed: 15583496782478847543

29841 Error4North the Blocker (level 13, -2/117 HPs)
             Began as a Minotaur Fighter on June 14, 2020.
             Was the Champion of Okawaru.
             Slain by a meliai
             ... wielding a +0 hand axe
              (4 damage)
             ... on level 4 of the Lair of Beasts on June 16, 2020.
             The game lasted 01:03:55 (17029 turns).

Error4North the Blocker (Minotaur Fighter)         Turns: 17029, Time: 01:03:55

Health: -2/117     AC: 23    Str: 23    XL:     13   Next: 17%
Magic:  17/17      EV: 12    Int:  8    God:    Okawaru [******]
Gold:   825        SH: 13    Dex: 16    Spells: 12/12 levels left

rFire    . . .     SeeInvis .   I - +0 broad axe (freeze)
rCold    . . .     Gourm    .   P - +0 kite shield {AC+3}
rNeg     . . .     Faith    .   R - +0 plate armour
rPois    .         Spirit   .   (helmet restricted)
rElec    .         Reflect  .   k - +1 cloak {Stlth+}
rCorr    .         Harm     .   s - +0 pair of gloves
MR       +....                  z - +0 pair of boots
Stlth    ..........             (no amulet)
HPRegen  0.29/turn              i - ring of protection from magic
MPRegen  0.15/turn              H - +6 ring of dexterity

@: lethally poisoned (-2 -> -6)
A: retaliatory headbutt, horns 2
a: Heroism, Finesse, Renounce Religion


You were on level 4 of the Lair of Beasts.
You worshipped Okawaru.
Okawaru was exalted by your worship.
You were hungry.

You visited 3 branches of the dungeon, and saw 15 of its levels.
You also visited: Ossuary.

You collected 941 gold pieces.
You spent 116 gold pieces at shops.

Inventory:

Hand Weapons
 B - a +0 flail of protection
 C - a +0 hunting sling
 I - a +0 broad axe of freezing (weapon)
Missiles
 r - 24 boomerangs (quivered)
 G - 3 boomerangs of dispersal
 L - 102 sling bullets
Armour
 k - a +1 cloak of stealth (worn)
 s - a +0 pair of gloves (worn)
 z - a +0 pair of boots (worn)
 P - a +0 kite shield of protection (worn)
 R - a +0 plate armour (worn)
Jewellery
 i - a ring of protection from magic (left hand)
 H - a +6 ring of dexterity (right hand)
 S - an uncursed ring of positive energy
Wands
 D - a wand of enslavement (6)
 F - a wand of flame (25)
 J - a wand of polymorph (4)
 N - a wand of random effects (24)
 U - a wand of disintegration (19)
Scrolls
 a - a scroll of enchant weapon {unknown}
 c - 2 scrolls of magic mapping {unknown}
 d - a scroll of acquirement {unknown}
 j - 6 scrolls of identify
 m - 8 scrolls of remove curse
 p - 2 scrolls of enchant armour {unknown}
 q - 2 scrolls of holy word {unknown}
 t - 5 scrolls of teleportation {unknown}
 u - 2 scrolls of fear {unknown}
 y - 3 scrolls of amnesia {unknown}
 A - 3 scrolls of random uselessness {unknown}
 K - a scroll of noise {unknown}
 Q - a scroll of torment {unknown}
Potions
 b - 3 potions of lignification
 e - 2 potions of brilliance
 g - 3 potions of berserk rage {unknown}
 h - 3 potions of degeneration {unknown}
 l - 11 potions of curing
 n - 3 potions of stabbing {unknown}
 o - 7 potions of magic {unknown}
 v - a potion of invisibility
 w - 2 potions of might
 x - 4 potions of resistance {unknown}
 E - 9 potions of flight
 M - 2 potions of cancellation {unknown}
 O - a potion of mutation {unknown}
Miscellaneous
 V - a phial of floods
Comestibles
 f - 16 rations
 T - 3 chunks of flesh


   Skills:
 * Level 11.7 Fighting
 + Level 11.8 Axes
 + Level 1.0(7.7) Maces & Flails
 + Level 4.4(4.5) Slings
 + Level 0.7(2.6) Throwing
 * Level 11.5 Armour
 * Level 8.9 Dodging
 + Level 0.9 Stealth
 * Level 12.2 Shields
 * Level 7.5 Invocations


You had 12 spell levels left.
You didn't know any spells.
Your spell library contained the following spells:

 Spells                   Type           Power        Failure   Level  Hunger
 Magic Dart               Conj           #...         100%        1    ##.....
 Blink                    Tloc           N/A          100%        2    ###....
 Call Imp                 Summ           #.......     100%        2    ###....
 Slow                     Hex            #.......     100%        2    ###....
 Conjure Flame            Conj/Fire      #.......     100%        3    ####...
 Mephitic Cloud           Conj/Pois/Air  #.......     100%        3    ####...


Dungeon Overview and Level Annotations

Branches:
Dungeon (10/15)            Temple (1/1) D:5            Lair (4/6) D:10
 Shoals (0/4) Lair:3       Spider (0/4) Lair:3      Ossuary (visited)
    Orc: D:9-12

Altars:
Ashenzari
Cheibriados
Dithmenos
Elyvilon
Fedhas
Gozag
Hepliaklqana
Kikubaaqudgha
Makhleb
Nemelex Xobeh
Okawaru
Qazlal
Ru
Sif Muna
Trog
Uskayaw
Vehumet
Wu Jian
Xom
Yredelemnul
Zin
The Shining One

Shops:
D:5 *   D:7 !*?}

Annotations:
D:3 2 transporters, Eptagon's ghost, amateur FoFi


Innate Abilities, Weirdness & Mutations

You reflexively headbutt those who attack you in melee.
You have a pair of horns on your head.


Message History

You are more poisoned.
The killer bee poisons you!
You feel sick.
The killer bee stings you but does no damage.
You feel sick.
You feel sick.
The meliai calls down the wrath of its god upon you.
Something smites you!
* * * LOW HITPOINT WARNING * * *
The water moccasin bites you but does no damage.
You block the killer bee's attack.
The killer bee stings you but does no damage.
The meliai invokes the aid of its god against you.
Something smites you!
* * * LOW HITPOINT WARNING * * *
The spiny frog stings you but does no damage.
You block the killer bee's attack.
* * * LOW HITPOINT WARNING * * *
You feel sick. You block the meliai's attack. The meliai stings you.
You die...

# #### #####.P ######
#####..##..... . #..#.#######
#.........#.%%..
###.#.....##.#####.......#..+....
#...'.........#..#yy...††#†......
...#............@yFS..÷.))†.(....
.####.....#P######yy....†##.#....
#.# ##..##### #####+.## .. . ###
#...# ..## ... #P#.# #!. y..
###..# #..# .. ... #P.. . #.P#


You could see a spiny frog, a water moccasin, 2 meliai and 3 killer bees.

Vanquished Creatures
  A hydra (Lair:1)
  A catoblepas (Lair:3)
  Erica (D:8)
  3 death yaks
  4 two-headed ogres
  A queen ant (Lair:3)
  An unseen horror (D:10)
  Pikel (D:5)
  An orb spider (Lair:3)
  A manticore (Lair:3)
  A black mamba (Lair:3)
  7 spiny frogs
  Maggie (D:6)
  4 komodo dragons
  A meliai (Lair:4)
  A queen bee (Lair:4)
  2 trolls
  3 slime creatures (D:9)
  A polar bear (D:9)
  6 hippogriffs
  4 blink frogs (Lair:1)
  Sigmund (D:6)
  2 wyverns
  A shadow (D:9)
  15 yaks
  Grum (D:10)
  2 basilisks
  A hungry ghost (D:10)
  15 soldier ants (Lair:3)
  10 water moccasins
  Edmund (D:6)
  3 porcupines
  Duvessa (D:4)
  A sky beast (D:10)
  2 orc warriors
  9 ice beasts
  A phantom (D:8)
  4 ogres
  A necrophage (D:10)
  4 wolves
  2 centaurs
  A big kobold (D:9)
  4 crocodiles
  Blork the orc (D:4)
  16 bullfrogs
  A wyvern zombie (D:8)
  Dowan (D:4)
  2 water moccasin zombies (Ossuary)
  A scorpion (D:6)
  17 killer bees (Lair:4)
  3 wights (D:9)
  6 electric eels
  4 howler monkeys
  4 crimson imps
  6 hounds
  Crazy Yiuf (D:6)
  4 jellies
  2 centaur zombies
  6 orc priests
  A bullfrog skeleton (D:5)
  3 centaur skeletons
  11 orc wizards
  6 iguanas
  30 worker ants
  A bullfrog simulacrum (D:9)
  3 big kobold zombies (Ossuary)
  2 hound zombies
  A hound skeleton (D:8)
  2 worker ant zombies
  A killer bee simulacrum (D:9)
  2 mummies (Ossuary)
  9 adders
  5 shadow imps
  4 white imps (D:9)
  A worker ant simulacrum (D:9)
  2 ufetubi
  3 oozes
  8 adder zombies
  An adder skeleton (D:9)
  2 worms
  4 dart slugs
  An adder simulacrum (D:9)
  2 leopard geckos
  30 orcs
  7 bats
  4 giant cockroaches
  4 goblins (D:1)
  5 hobgoblins
  12 jackals
  5 quokkas
  10 frilled lizards
  3 hobgoblin zombies (Ossuary)
  A jackal zombie (D:9)
  12 kobolds
  2 kobold zombies (Ossuary)
  A leopard gecko skeleton (D:4)
  7 orc zombies (Ossuary)
  6 rats
  3 plants
420 creatures vanquished.

Vanquished Creatures (others)
  2 fungi
2 creatures vanquished.

Grand Total: 422 creatures vanquished

Notes
Turn   | Place    | Note
-------+----------+-------------------------------------------
     0 | D:1      | Error4North the Minotaur Fighter began the quest for the
                  | Orb.
     0 | D:1      | Reached XP level 1. HP: 19/19 MP: 0/0
   264 | D:1      | Reached XP level 2. HP: 27/27 MP: 1/1
   443 | D:1      | Reached skill level 1 in Dodging
   463 | D:1      | Reached skill level 4 in Shields
   575 | D:1      | Reached XP level 3. HP: 33/33 MP: 2/2
  1561 | D:2      | Reached XP level 4. HP: 34/40 MP: 3/3
  2080 | D:3      | Found a transporter.
  2083 | D:3      | Noticed Eptagon's ghost (amateur FoFi)
  2391 | D:3      | Found a transporter.
  2847 | D:4      | Noticed Duvessa
  2848 | D:4      | Noticed Dowan
  2866 | D:4      | Killed Duvessa
  2866 | D:4      | Reached skill level 5 in Armour
  2866 | D:4      | Reached XP level 5. HP: 19/47 MP: 4/4
  2866 | D:4      | Killed Dowan
  2866 | D:4      | Reached skill level 5 in Shields
  3080 | D:4      | Reached XP level 6. HP: 43/53 MP: 5/5
  3232 | D:4      | Found a sacrificial altar of Ru.
  3235 | D:4      | Found a glowing golden altar of the Shining One.
  3236 | D:4      | Found a hide-covered altar of Uskayaw.
  3236 | D:4      | Found a shimmering blue altar of Sif Muna.
  3283 | D:4      | Noticed Blork the orc
  3295 | D:4      | Killed Blork the orc
  4249 | D:4      | Reached XP level 7. HP: 60/60 MP: 6/6
  4390 | D:5      | Entered Level 5 of the Dungeon
  4524 | D:5      | Found Zyulekk's General Store.
  4534 | D:5      | Found a staircase to the Ecumenical Temple.
  4602 | Temple   | Entered the Ecumenical Temple
  4613 | Temple   | Became a worshipper of Warmaster Okawaru
  4797 | D:5      | Reached skill level 5 in Fighting
  4969 | D:5      | Reached skill level 6 in Shields
  5148 | D:5      | Noticed Pikel
  5174 | D:5      | Killed Pikel
  5174 | D:5      | Reached * piety under Okawaru
  5174 | D:5      | Reached skill level 5 in Axes
  5174 | D:5      | Reached skill level 1 in Invocations
  5174 | D:5      | Reached XP level 8. HP: 60/69 MP: 6/8
  5507 | D:5      | Reached skill level 7 in Shields
  5683 | D:6      | Reached ** piety under Okawaru
  5811 | D:6      | Noticed Sigmund
  5830 | D:6      | Killed Sigmund
  6131 | D:6      | Reached XP level 9. HP: 73/75 MP: 10/10
  6294 | D:6      | Found a sparkling altar of Nemelex Xobeh.
  6298 | D:6      | Noticed Edmund
  6312 | D:6      | Killed Edmund
  6404 | D:6      | Noticed Maggie
  6430 | D:6      | Killed Maggie
  6430 | D:6      | Reached skill level 8 in Shields
  6801 | D:6      | Found a runed translucent door.
  6802 | D:6      | Noticed Crazy Yiuf
  6807 | D:6      | Killed Crazy Yiuf
  6944 | D:7      | Found Caatui's Distillery.
  6949 | D:7      | Found a sand-covered staircase.
  6958 | Ossuary  | Entered an ossuary
  7039 | Ossuary  | Reached *** piety under Okawaru
  7384 | D:7      | Reached skill level 5 in Dodging
  7436 | D:7      | Found Amea's Gadget Emporium.
  7654 | D:7      | Found a white marble altar of Elyvilon.
  7724 | D:7      | Bought 2 potions of flight for 90 gold pieces
  7830 | D:7      | Found Ylupt's Magic Scroll Shoppe.
  7835 | D:7      | Bought a scroll of identify for 26 gold pieces
  7904 | D:7      | Found Rahel's Assorted Antiques.
  8133 | D:8      | Noticed a two-headed ogre
  8224 | D:8      | Reached skill level 9 in Shields
  8384 | D:8      | Noticed Erica
  8394 | D:8      | Killed Erica
  8394 | D:8      | Reached **** piety under Okawaru
  8394 | D:8      | Reached XP level 10. HP: 84/86 MP: 9/12
  8749 | D:8      | Killed a two-headed ogre
  8749 | D:8      | Reached skill level 1 in Slings
  9345 | D:8      | Upgraded the game from 0.26-a0-72-g09a6a6ccbd to
                  | 0.26-a0-83-g7ccd015ce0
 10027 | D:8      | Reached ***** piety under Okawaru
 10407 | D:9      | Reached skill level 10 in Shields
 10591 | D:9      | Reached skill level 5 in Invocations
 10876 | D:9      | Received a gift from Okawaru
 11078 | D:9      | Noticed a two-headed ogre
 11094 | D:9      | Killed a two-headed ogre
 11094 | D:9      | Reached XP level 11. HP: 29/95 MP: 11/13
 11886 | D:9      | Found a shadowy altar of Dithmenos.
 11949 | D:9      | Received a gift from Okawaru
 12097 | D:9      | You fall into a shaft and drop 1 floor!
 12097 | D:10     | Entered Level 10 of the Dungeon
 12139 | D:10     | Noticed a two-headed ogre
 12154 | D:10     | Killed a two-headed ogre
 12747 | D:10     | Noticed a two-headed ogre
 12754 | D:10     | Killed a two-headed ogre
 12754 | D:10     | Reached ****** piety under Okawaru
 12754 | D:10     | Reached skill level 10 in Armour
 12754 | D:10     | Reached skill level 11 in Shields
 12843 | D:10     | Found a staircase to the Lair.
 12931 | D:10     | Killed an unseen horror
 12931 | D:10     | Reached skill level 10 in Axes
 13026 | D:10     | Noticed Grum
 13037 | D:10     | Killed Grum
 13302 | Lair:1   | Entered Level 1 of the Lair of Beasts
 13345 | Lair:1   | Reached skill level 10 in Fighting
 13352 | Lair:1   | Reached XP level 12. HP: 31/106 MP: 9/15
 13456 | Lair:1   | Noticed a seven-headed hydra
 13690 | Lair:1   | Killed a seven-headed hydra
 14365 | Lair:2   | Noticed a death yak
 14367 | Lair:2   | Noticed a death yak
 14367 | Lair:2   | Noticed a death yak
 14394 | Lair:1   | Killed a death yak
 14394 | Lair:1   | Reached skill level 1 in Maces & Flails
 14815 | Lair:2   | Killed a death yak
 14819 | Lair:2   | Killed a death yak
 14855 | Lair:2   | Received a gift from Okawaru
 15438 | Lair:3   | Received a gift from Okawaru
 15550 | Lair:3   | Found a hole to the Spider Nest.
 15662 | Lair:3   | Received a gift from Okawaru
 15941 | Lair:3   | Reached skill level 12 in Shields
 16165 | Lair:3   | Noticed a catoblepas
 16195 | Lair:3   | Killed a catoblepas
 16316 | Lair:3   | Found a staircase to the Shoals.
 16453 | Lair:3   | Noticed a queen ant
 16472 | Lair:3   | Killed a queen ant
 16472 | Lair:3   | Reached XP level 13. HP: 111/116 MP: 10/17
 16553 | Lair:3   | Received a gift from Okawaru
 17020 | Lair:4   | Received a gift from Okawaru
 17028 | Lair:4   | HP: 2/117 [meliai/divine providence (12)]
 17029 | Lair:4   | Slain by a meliai

Illustrated notes

Levels and vault maps discovered:
D:1:      dpeg_arrival_radiant, layout_basic
D:2:      minmay_recursive_quarters, layout_loops_corners,
          kennysheep_cluttered_room
D:3:      layout_loops_ring, first_ration, gammafunk_ghost_stat_death
D:4:      layout_basic, grunt_temple_overflow_open, minmay_vboxes,
          uniq_blork_the_orc, uniq_duvessa
D:5:      layout_basic, minmay_temple_entry_drinking_statues, serial_shops,
          shop, hangedman_minor_gate_pass, uniq_pikel
D:6:      layout_gridville, kennysheep_mini, uniq_sigmund, uniq_maggie,
          uniq_edmund, uniq_crazy_yiuf_cottage
D:7:      layout_basic, basic_altar, serial_shops, shop,
          nicolae_shop_waterfront, shop_fountains, shop,
          nicolae_ossuary_entry_monument, grunt_ogre_cave
D:8:      layout_basic, serial_bayou, serial_bayou_shore_b, serial_bayou_pond_e,
          serial_bayou_shore_a, serial_bayou_shore_b, grunt_ministairs_1,
          kennysheep_generic_room_4, uniq_erica
D:9:      layout_layer_cave, grunt_dithmenos_shadows, serial_ice, serial_ice_m,
          serial_ice_e, serial_ice_f, serial_ice_o, serial_ice_j, serial_ice_n,
          serial_ice_c, serial_ice_g, serial_ice_d, serial_ice_h,
          kennysheep_generic_room_6
D:10:     layout_loops_cross, lair_entry_dummy, uniq_grum
Temple:   eino_temple_rhombus
Lair:1:   statuecave_lemuel, layout_concentric_octagons
Lair:2:   layout_gridlike, grunt_megastairs_1
Lair:3:   layout_cave_pods, minmay_shoals_entry_beasts,
          nicolae_spider_entry_orb_guardian, zaba_anthell
Lair:4:   layout_roguey [special_room_bee], gammafunk_ghost_ooze,
          beast_lair_carwin_11, serial_bayou_shore_b

Skill      XL: |  1  2  3  4  5  6  7  8  9 10 11 12 |
---------------+-------------------------------------+-----
Armour         | 4 5 6 7 8 9 10 11 | 11.5
Dodging        | 1 2 3 4 5 6 7 8 |  8.9
Shields        | 4 5 6 7 9 10 11 12 | 12.2
Fighting       | 4 5 6 7 8 10 11 | 11.7
Axes           | 3 4 5 6 8 9 10 11 | 11.8
Invocations    | 1 3 4 5 6 7 |  7.5
Slings         | 2 3 4 |  4.4
Maces & Flails | 1 |  1.0
Throwing       | |  0.7
Stealth        | |  0.9

Action                   |  1- 3 |  4- 6 |  7- 9 | 10-12 | 13-15 || total
-------------------------+-------+-------+-------+-------+-------++-------
Melee: War axe           |   105 |   133 |   387 |   328 |       ||   953
       Headbutt          |    10 |    28 |    67 |   177 |    19 ||   301
       Broad axe         |       |       |       |   326 |   101 ||   427
       Flail             |       |       |       |     7 |       ||     7
 Fire: Hunting sling     |       |       |     3 |   127 |     4 ||   134
Throw: Boomerang         |       |     5 |       |     8 |     3 ||    16
Invok: Heroism           |       |       |     1 |    14 |     1 ||    16
       Finesse           |       |       |       |     2 |       ||     2
  Use: Potion            |       |     3 |     4 |     1 |       ||     8
       Scroll            |       |     1 |       |     4 |       ||     5
  Eat: Chunk             |     2 |     5 |     9 |    19 |     2 ||    37
       Ration            |       |     1 |     2 |     2 |       ||     5
Armor: Scale mail        |    15 |       |       |       |       ||    15
       Chain mail        |    52 |    50 |   142 |   163 |       ||   407
       Plate armour      |       |       |       |    60 |    37 ||    97
Dodge: Dodged            |    22 |    34 |   111 |   258 |    46 ||   471
Block: Kite shield       |    64 |    87 |   180 |   405 |   107 ||   843

Table legend:
 A = Non-vault XP
 B = Vault XP
 C = Vault XP percentage of total XP
 D = Non-vault monster count
 E = Vault monster count
 F = Vault count percentage of total count
                 A         B        C        D         E       F
            +---------+---------+-------+---------+---------+-------
      Total |   29733 |   12898 |  30.3 |     275 |     141 |  33.9
            +---------+---------+-------+---------+---------+-------
        D:1 |      49 |       0 |   0.0 |      26 |       0 |   0.0
        D:2 |      43 |      27 |  38.6 |      12 |      10 |  45.5
        D:3 |      37 |       0 |   0.0 |      14 |       0 |   0.0
        D:4 |     261 |     347 |  57.1 |      12 |       5 |  29.4
        D:5 |     437 |     617 |  58.5 |      17 |       1 |   5.6
        D:6 |     812 |     832 |  50.6 |      15 |       4 |  21.1
        D:7 |     866 |     121 |  12.3 |      28 |       1 |   3.4
        D:8 |    2359 |    1120 |  32.2 |      19 |       5 |  20.8
        D:9 |    3974 |    1751 |  30.6 |      45 |      21 |  31.8
       D:10 |    3797 |     539 |  12.4 |      25 |       4 |  13.8
     Lair:1 |    6186 |       0 |   0.0 |      21 |       0 |   0.0
     Lair:2 |    3755 |      88 |   2.3 |      12 |       1 |   7.7
     Lair:3 |    6666 |    5495 |  45.2 |      27 |      45 |  62.5
     Lair:4 |     491 |    1647 |  77.0 |       2 |      19 |  90.5
    Ossuary |       0 |     314 | 100.0 |       0 |      25 | 100.0
            +---------+---------+-------+---------+---------+-------
